 Dungeon Crawl Stone Soup version 0.25.0-15-gac7dcb8 (webtiles) character file.

Game seed: 8369082312872646680

151 shmeve the Chopper (level 5, -2/70 HPs)
             Began as a Minotaur Berserker on June 28, 2020.
             Was a Believer of Trog.
             Slain by a gnoll
             ... wielding a +0 spear
              (7 damage)
             ... on level 2 of the Dungeon.
             The game lasted 00:01:42 (1246 turns).

shmeve the Chopper (Minotaur Berserker)             Turns: 1246, Time: 00:01:42

Health: -2/70      AC:  2    Str: 22    XL:     5   Next: 11%
Magic:  4/4        EV: 12    Int:  5    God:    Trog [**....]
Gold:   31         SH:  0    Dex:  9    Spells: 4/4 levels left

rFire    . . .     SeeInvis .   a - +0 hand axe
rCold    . . .     Gourm    .   (no shield)
rNeg     . . .     Faith    .   b - +0 animal skin
rPois    .         Spirit   .   (helmet restricted)
rElec    .         Reflect  .   (no cloak)
rCorr    .         Harm     .   (no gloves)
MR       .....                  (no boots)
Stlth    ..........             (no amulet)
HPRegen  0.21/turn              (no ring)
MPRegen  0.09/turn              (no ring)

@: berserking, very quick
A: retaliatory headbutt, horns 2
a: Berserk, Trog's Hand, Renounce Religion


You were on level 2 of the Dungeon.
You worshipped Trog.
Trog was pleased with you.
You were very hungry.

You visited 1 branch of the dungeon, and saw 2 of its levels.

You collected 31 gold pieces.

Inventory:

Hand Weapons
 a - a +0 hand axe (weapon)
Missiles
 l - a throwing net (quivered)
Armour
 b - a +0 animal skin (worn)
Scrolls
 e - 2 scrolls of enchant weapon {unknown}
 g - 3 scrolls of identify {unknown}
 h - a scroll of remove curse {unknown}
 j - a scroll of fear {unknown}
 k - a scroll of fog {unknown}
 m - 2 scrolls of teleportation {unknown}
Potions
 f - a potion of heal wounds {unknown}
 i - 2 potions of stabbing {unknown}
Comestibles
 c - 4 rations


   Skills:
 * Level 4.8 Fighting
 * Level 4.9 Axes
 + Level 1.5 Throwing
 + Level 3.2 Armour
 + Level 2.9 Dodging


You had 4 spell levels left.
You didn't know any spells.
Your spell library was empty.

Dungeon Overview and Level Annotations

Branches:
Dungeon (2/15)

Altars:


Innate Abilities, Weirdness & Mutations

You reflexively headbutt those who attack you in melee.
You have a pair of horns on your head.


Message History

The gnoll hits you with a +0 spear.
* * * LOW HITPOINT WARNING * * *
The gnoll hits you from afar with a +0 spear.
* * * LOW HITPOINT WARNING * * *
You slash the gnoll!
The gnoll is severely wounded.
You hit the worm. The gnoll closely misses you.
Unknown command.
You slash the gnoll!
You kill the gnoll!
Trog accepts your kill.
You slash the worm! The gnoll barely misses you. The worm bites you.
* * * LOW HITPOINT WARNING * * *
Unknown command.
You slash the worm!
You kill the worm!
Trog accepts your kill.
A rat comes into view.
The gnoll hits you from afar with a +0 spear!
You die...

### ..
#.########
#........
#.###......
.........#
#.....@(#
#....)†)#
#.......g.
#........#r#
##....<.## #
.!......#
###.......
##......


You could see a gnoll and a rat (wandering).

Vanquished Creatures
  An ogre (D:2)
  3 gnolls (D:2)
  An ooze (D:1)
  A worm (D:2)
  3 leopard geckos (D:1)
  3 bats (D:1)
  A giant cockroach (D:1)
  3 goblins (D:1)
  A hobgoblin (D:1)
  3 jackals (D:1)
  A ball python (D:1)
  A frilled lizard (D:1)
  7 kobolds (D:1)
  6 rats
35 creatures vanquished.

Notes
Turn   | Place    | Note
-------+----------+-------------------------------------------
     0 | D:1      | shmeve the Minotaur Berserker began the quest for the Orb.
     0 | D:1      | Reached XP level 1. HP: 19/19 MP: 0/0
    90 | D:1      | Reached XP level 2. HP: 27/27 MP: 1/1
   672 | D:1      | Reached XP level 3. HP: 32/33 MP: 2/2
   895 | D:1      | Reached skill level 1 in Throwing
  1235 | D:2      | Noticed an ogre
  1243 | D:2      | Killed an ogre
  1243 | D:2      | Reached ** piety under Trog
  1243 | D:2      | Reached XP level 4. HP: 15/41 MP: 3/3
  1243 | D:2      | Reached XP level 5. HP: 17/47 MP: 4/4
  1246 | D:2      | Slain by a gnoll

Illustrated notes

Levels and vault maps discovered:
D:1:      sevenhm_arrival_forest_fort_large_2, layout_loops_cross,
          minmay_octomino_j4
D:2:      layout_loops_ring, fedhas_altar_4

Skill      XL: |  1  2  3 |
---------------+----------+-----
Axes           | 4 |  4.9
Fighting       | 4 |  4.8
Throwing       | 1 |  1.5
Armour         | 3 |  3.2
Dodging        | |  2.9

Action                   |  1- 3 |  4- 6 || total
-------------------------+-------+-------++-------
Melee: Hand axe          |    57 |     3 ||    60
       Headbutt          |     8 |       ||     8
Invok: Berserk           |     1 |       ||     1
  Eat: Chunk             |     1 |       ||     1
Armor: Animal skin       |    17 |       ||    17
Dodge: Dodged            |    50 |     2 ||    52
